Cogmind - Beta 17 @@@ ROGUE MODE // 2026.08.17 @ 14:45:07 Player: exo Result: Destroyed by Y-45 Defender with Heavy Assault Rifle Performance ------------- Evolutions (2) 1000 Regions Visited (3) 600 Robots Destroyed (42) 210 Value Destroyed (1207) 1207 Prototype IDs (1) 20 Alien Tech Used (0) 0 Bonus (0) 0 TOTAL SCORE: 3037 Bonus ------- None Cogmind --------- Core Integrity 0/550 Matter 300/300 Energy 99/100 System Corruption 0% Temperature Cool (9) Movement Core (50) Location -8/Materials Parts ------- > --- POWER (2) -------- (None) > --- PROPULSION (3) --- (None) > --- UTILITY (3) ------ Advanced Weight Redist. System Improved Melee Analysis Suite Improved Melee Analysis Suite > --- WEAPON (3) ------- (None) > --- INVENTORY (5) ---- Cooling System Improved Melee Analysis Suite Weapon Cycler Hacking Suite High-powered Tractor Beam Peak State ------------ > --- POWER ------------ Heavy Ion Engine Light Nuclear Core > --- PROPULSION ------- Medium Treads Medium Treads Medium Treads > --- UTILITY ---------- Advanced Weight Redist. System Improved Melee Analysis Suite Improved Melee Analysis Suite > --- WEAPON ----------- Particle Gun Heavy Hammer > --- INVENTORY -------- Cooling System Improved Melee Analysis Suite Weapon Cycler Hacking Suite High-powered Tractor Beam [Rating: 34] Favorites ----------- Power Improved Ion Engine Engine Improved Ion Engine Power Core Light Nuclear Core Propulsion Aluminum Leg Treads Medium Treads Leg Aluminum Leg Hover Unit Hover Unit Flight Unit Flight Unit Utility Visual Processing Unit Device Heat Sink Processor Visual Processing Unit Protection Core Shielding Weapon Heavy Hammer Energy Gun Particle Gun Ballistic Gun Assault Rifle Launcher Grenade Launcher Special Weapon Plasma Cutter Impact Weapon Heavy Hammer Build | -11 -10 -9 -8 ------- Run | Yrd Mat Mat Mat Slots Evolved 4 | . . 2 2 Power 1 | . . . 1 Propulsion 1 | . . 1 . Utility 1 | . . 1 . Weapon 1 | . . . 1 Parts Attached 50 | 4 2 30 14 Power 9 | 1 . 4 4 Engine 8 | 1 . 4 3 Core 1 | . . . 1 Reactor . | . . . . Propulsion 17 | 2 . 12 3 Treads 3 | . . . 3 Leg 8 | 2 . 6 . Wheel . | . . . . Hover 3 | . . 3 . Flight 3 | . . 3 . Utility 13 | . 1 6 6 Device 5 | . 1 2 2 Storage . | . . . . Processor 7 | . . 4 3 Hackware . | . . . . Protection 1 | . . . 1 Artifact . | . . . . Weapon 11 | 1 1 8 1 Energy Gun 3 | . . 2 1 Energy Cannon . | . . . . Ballistic Gun 1 | 1 . . . Ballistic Cannon . | . . . . Launcher 2 | . 1 1 . Special Weapon 3 | . . 3 . Impact Weapon 2 | . . 2 . Slashing Weapon . | . . . . Piercing Weapon . | . . . . Special Melee Weapon . | . . . . Unidentified Prototypes 1 | . . . 1 Parts Lost 26 | . . 11 15 Power 7 | . . 2 5 Propulsion 10 | . . 4 6 Utility 2 | . . 1 1 Weapon 7 | . . 4 3 Highest Loss Streak 8 | . . 4 8 To Critical Strikes 1 | . . 1 . Average Backups 3 | . 1 3 4 Power . | . 1 1 . Propulsion 1 | . . 1 . Utility 1 | . . . 4 Weapon . | . . . . Tool/Special . | . . . . Unused Backups 4 | . . . 4 Power . | . . . . Propulsion . | . . . . Utility 4 | . . . 4 Weapon . | . . . . Tool/Special . | . . . . Average Slot Usage (%) 79 | . 80 83 68 Engine 10 | . 14 9 8 Treads 3 | . . . 13 Leg 19 | . 28 25 . Hover 2 | . . 1 5 Device 11 | . 10 13 6 Processor 12 | . . 14 17 Energy Gun 4 | . . 7 . Ballistic Gun 2 | . 14 . . Launcher 2 | . 13 . . Special Weapon 2 | . . 4 . Impact Weapon 6 | . . 5 15 Peak Build Rating 34 | 4 6 14 34 Average Rating 12 | 2 5 11 21 On Entrance 5 | . 4 6 12 Avg Prop Armor Cover (%) 12 | . . 12 . Naked Turns . | . . . . Heaviest Build 20 | 7 11 16 20 Greatest Support 93 | 20 20 30 93 Greatest Overweight (x) 2 | . . 1 2 Average Overweight (x) . | . . . . Largest Inventory Capacity 5 | 5 5 5 5 Average Capacity 5 | 5 5 5 5 Most Carried 5 | 2 3 5 5 Average Carried 3 | . 1 3 4 Final Capacity 5 | 5 5 5 5 Final Carried 5 | 1 2 5 5 Class Distribution -------------------- 64% | Mutant 30% | Scavenger-Mutant 5% | Gladiator Dominant Class ---------------- Mutant | -10/Materials Mutant | -9/Materials Mutant | -8/Materials Resources | -11 -10 -9 -8 ----------- Run | Yrd Mat Mat Mat Matter Collected 820 | 96 28 567 129 Remotely . | . . . . Salvage Created 1289 | . 252 547 490 Parts 68 | . 19 38 11 Haulers Intercepted . | . . . . Recyclers Shooed . | . . . . Parts Field Recycled . | . . . . Retrieved Matter . | . . . . Parts Self-Destructed . | . . . . Prevented . | . . . . Parts Restored . | . . . . Kills | -11 -10 -9 -8 ------- Run | Yrd Mat Mat Mat Combat Hostiles Destroyed 31 | . 6 13 12 Melee 6 | . . 2 4 Guns 7 | . 1 6 . Cannons 3 | . . 3 . AOE 5 | . 5 . . Classes Destroyed 8 | . 7 1 . Worker 2 | . 1 1 . Builder 2 | . 1 1 . Recycler 1 | . 1 . . Operator 3 | . 2 1 . Watcher 3 | . 1 2 . Swarmer 7 | . 3 2 2 Grunt 15 | . 3 7 5 Sentry 9 | . . 4 5 Best Kill Streak 8 | . 8 6 3 Combat Bots Only 4 | . 3 4 3 Max Kills in Single Turn 3 | . 3 2 1 Gunslinging . | . . . . Exploded 3 | . 3 . . Melee 1 | . . 1 1 Uniques/NPCs Destroyed . | . . . . Combat | -11 -10 -9 -8 -------- Run | Yrd Mat Mat Mat Hostile Shots Fired 340 | . 35 126 179 Missed 88 | . 8 34 46 Hits 252 | . 27 92 133 Projectile 252 | . 27 92 133 Critical Strikes 7 | . . 1 6 Damage Taken 3430 | . 406 1173 1851 Core 932 | . 172 209 551 Absorbed by Shields . | . . . . Redirected to Shielding 17 | . . . 17 Core Remaining (%) 59 | 100 31 47 . Volleys Fired 70 | . 19 48 3 Largest 2 | . 2 2 1 Hottest 121 | . 50 121 65 Shots Fired 107 | . 31 73 3 Gun 79 | . 19 57 3 Cannon . | . . . . Launcher 14 | . 12 2 . Special 14 | . . 14 . Kinetic 19 | . 19 . . Thermal 74 | . . 71 3 Explosive 14 | . 12 2 . Electromagnetic . | . . . . Robot Hit Streak 11 | . 2 11 2 Robot Miss Streak 4 | . 3 4 1 Penetration Max . | . . . . Secondary Targets . | . . . . Shots Hit Robots 109 | . 10 61 38 Core Hits 50 | . 24 22 4 Critical Kills 1 | . . 1 . Critical Parts Destroyed 6 | . . . 6 Critical Strikes 8 | . . 2 6 Smash 7 | . . 1 6 Sever 1 | . . 1 . Melee Attacks 61 | . . 17 44 Impact 61 | . . 17 44 Slashing . | . . . . Piercing . | . . . . Sneak Attacks 2 | . . 2 . Combat Hostiles . | . . . . Follow-up Attacks 7 | . . 3 4 Damage Inflicted 3193 | . 717 1340 1136 Guns 717 | . 73 615 29 Cannons . | . . . . Explosions 682 | . 640 42 . Melee 1704 | . . 597 1107 Ramming 4 | . 4 . . Kinetic 73 | . 73 . . Thermal 730 | . . 701 29 Explosive 682 | . 640 42 . Electromagnetic . | . . . . Impact 1704 | . . 597 1107 Slashing . | . . . . Piercing . | . . . . Highest Corruption . | . . . . Average Corruption . | . . . . Corruption Purged . | . . . . Corruption Blocked . | . . . . Overload Shots . | . . . . Overflow Damage 326 | . 10 63 253 Projectiles . | . . . . Explosions 10 | . 10 . . Melee 316 | . . 63 253 Knockbacks 7 | . . 3 4 Impact 7 | . . 3 4 Kinetic . | . . . . Secondary . | . . . . Self-Inflicted Damage 151 | . 77 74 . Shots 6 | . 4 2 . Rammed . | . . . . Targets Rammed 5 | . 5 . . Kicked 5 | . 5 . . Crushed . | . . . . Highest Temperature 71 | . 1 47 71 Average Temperature 26 | . 1 31 22 Received Heat Transfer 1302 | . 189 375 738 Siege Activations . | . . . . Martial Activations . | . . . . Shielding Activations . | . . . . Robots Disrupted . | . . . . Combat Hostiles . | . . . . Robots Corrupted 11 | . . 3 8 Combat Hostiles 10 | . . 2 8 Parts Fried 11 | . . 2 9 Impact Corruptions 22 | . . 5 17 Robots Melted . | . . . . Combat Hostiles . | . . . . Parts Melted 2 | . . 2 . Heat Transferred 1887 | . . 1813 74 Parts Sabotaged . | . . . . Parts Stolen . | . . . . Parts Stripped . | . . . . Power Chain Reactions . | . . . . Alert | -11 -10 -9 -8 ------- Run | Yrd Mat Mat Mat Maximum Alert Level 1 | . 1 . . Low Security (%) 96 | 100 79 100 100 Level 1 3 | . 20 . . Level 2 . | . . . . Level 3 . | . . . . Level 4 . | . . . . Level 5 . | . . . . High Security . | . . . . Max Security . | . . . . Peak Influence 220 | . 220 83 52 Initial 83 | . . 83 18 Average 37 | . 81 32 20 Influence Increases 1010 | . 306 394 310 Destroy 0b10 Robot/C 620 | . 120 260 240 Destroy 0b10 Robot/NC 55 | . 30 25 . Destroy Leader 146 | . 22 54 70 Disable Machine 45 | . 45 . . Destroy Structure 84 | . 74 10 . Partial Spotted 15 | . 15 . . Lose Combat Pursuer 45 | . . 45 . Influence Decreases 988 | . 107 548 333 Entered New Map 143 | . . 116 27 Time Decay 658 | . 107 365 186 Lost Part 187 | . . 67 120 Squads Dispatched 7 | . 2 . 5 Investigation 1 | . 1 . . Extermination . | . . . . Reinforcement 2 | . 1 . 1 Assault . | . . . . Garrison 4 | . . . 4 Intercept . | . . . . Searches Triggered . | . . . . Construction Impeded . | . . . . Haulers Reinforced . | . . . . Active Scanning Responses . | . . . . Cargo Convoy Interrupts . | . . . . Stealth | -11 -10 -9 -8 --------- Run | Yrd Mat Mat Mat Distress Signals 4 | . 1 3 . Communications Jammed . | . . . . Distress Signals . | . . . . Times Spotted 57 | . 14 28 15 Peak Tracking Total 7 | . 5 7 7 Tactical Retreats 2 | . . 2 . Traps | -11 -10 -9 -8 ------- Run | Yrd Mat Mat Mat Traps Triggered 1 | . 1 . . Indirectly . | . . . . Trap Hack Attempts . | . . . . Triggered . | . . . . Disarmed . | . . . . Reprogrammed . | . . . . Reused . | . . . . Traps Extracted . | . . . . Installed . | . . . . Triggered . | . . . . Machines | -11 -10 -9 -8 ---------- Run | Yrd Mat Mat Mat Machines Disabled 3 | . 3 . . Max in Single Turn 1 | . 1 . . Machines Repaired . | . . . . Machines Dismantled . | . . . . Machines Sabotaged . | . . . . Overloaded Fab Kills . | . . . . Hacking | -11 -10 -9 -8 --------- Run | Yrd Mat Mat Mat Machines Accessed 2 | . . 2 . Terminals 1 | . . 1 . Fabricators . | . . . . Repair Stations . | . . . . Recycling Units 1 | . . 1 . Scanalyzers . | . . . . Garrison Access . | . . . . Total Hacks 9 | . . 9 . Successful 5 | . . 5 . Failed 4 | . . 4 . Catastrophic . | . . . . Database Lockouts . | . . . . Manual . | . . . . Terminals 4 | . . 4 . Fabricators . | . . . . Repair Stations . | . . . . Recycling Units 5 | . . 5 . Scanalyzers . | . . . . Garrison Access . | . . . . Terminal Hacks . | . . . . Fabricator Hacks . | . . . . Repair Station Hacks . | . . . . Recycling Unit Hacks 5 | . . 5 . Recycle Component 2 | . . 2 . Report Inventory 1 | . . 1 . Retrieve Matter 2 | . . 2 . Scanalyzer . | . . . . Garrison Access Hacks . | . . . . Unauthorized Hacks . | . . . . Terminals . | . . . . Fabricators . | . . . . Repair Stations . | . . . . Recycling Units . | . . . . Scanalyzers . | . . . . Garrison Access . | . . . . Data Cores Recovered 3 | . 2 1 . Used . | . . . . Hacking Detections 1 | . . 1 . Full Trace Events 1 | . . 1 . Feedback Events . | . . . . Feedback Blocked . | . . . . Robot Schematics Acquired . | . . . . Robots Built . | . . . . Authchips . | . . . . Time . | . . . . Total Robot Build Rating . | . . . . Part Schematics Acquired . | . . . . Parts Built . | . . . . Authchips . | . . . . Time . | . . . . Total Part Build Rating . | . . . . Part Studies Acquired . | . . . . Parts Repaired . | . . . . Time . | . . . . Parts Recycled 2 | . . 2 . Recycled Matter . | . . . . Retrieved Matter 17 | . . 17 . Retrieved Components . | . . . . Parts Scanalyzed . | . . . . Part Schematics Acquired . | . . . . Parts Damaged . | . . . . Bothacking | -11 -10 -9 -8 ------------ Run | Yrd Mat Mat Mat Used RIF Installer . | . . . . Robots Hacked . | . . . . Non-combat . | . . . . Combat . | . . . . Robot Hacks Applied . | . . . . Relay Couplers Released . | . . . . Fabnet Peak Effective % . | . . . . Robots Rewired . | . . . . Allies Hacked . | . . . . Hacks Repelled . | . . . . Allies | -11 -10 -9 -8 -------- Run | Yrd Mat Mat Mat Total Allies . | . . . . Largest Group . | . . . . Highest-Rated Group . | . . . . Highest-Rated Ally . | . . . . Total Orders . | . . . . Ally Attacks . | . . . . Total Damage . | . . . . Kills . | . . . . Allies Corrupted . | . . . . Allies Melted . | . . . . Intel | -11 -10 -9 -8 ------- Run | Yrd Mat Mat Mat Active Infowar (turns) 783 | . . 661 122 Optics 783 | . . 661 122 Robot Analysis Total . | . . . . Derelict Logs Recovered . | . . . . Drone Launches . | . . . . Drone Recoveries . | . . . . Exploration | -11 -10 -9 -8 ------------- Run | Yrd Mat Mat Mat Turns Passed 1728 | 60 307 953 408 Spaces Moved 1046 | 47 206 598 195 Core 55 | 6 . 2 47 Treads 105 | . . . 105 Legs 754 | 41 206 507 . Wheels . | . . . . Hover 106 | . . 63 43 Flight 26 | . . 26 . Fastest Speed 37 | 50 120 37 50 Average Speed 116 | 111 120 110 132 Slowest Speed 160 | 120 120 120 160 Overloaded Moves . | . . . . Propulsion Burnouts . | . . . . Robots Hopped . | . . . . Potential Cave-ins . | . . . . Cave-ins Triggered . | . . . . Exploration Rate (%) 27 | 3 52 43 13 Regions Visited 3 Branch Regions . Pre-discovered Areas . | . . . . Known Exits Taken . | . . . . Unknown Exits Taken 3 | 1 1 1 . Scrap Searched . | . . . . Spaces Dug . | . . . . Terrain Destroyed 86 | . 75 11 . Melee . | . . . . Projectile . | . . . . AOE 86 | . 75 11 . Terrain Rammed . | . . . . Walls Destroyed . | . . . . Machines Disabled . | . . . . Actions | -11 -10 -9 -8 --------- Run | Yrd Mat Mat Mat Total 1340 | 55 234 781 270 Wait 55 | . . 52 3 Move 1043 | 46 205 597 195 Hop . | . . . . Pick Up 39 | 5 3 21 10 Fast Attach 11 | . . 6 5 Attach 29 | 4 2 14 9 Detach . | . . . . Swap 15 | . . 13 2 Drop 20 | . . 16 4 Fire 70 | . 19 48 3 Melee 53 | . . 14 39 Ram . | . . . . Kick 5 | . 5 . . Crush . | . . . . Escape Stasis . | . . . . Rewire . | . . . . Trap . | . . . . Miscellaneous . | . . . . Route ------- -11/Scrapyard -10/Materials -9/Materials -8/Materials History --------- Turn | Location | Event 11 | -11/Scrapyard | Discovered new exit (range 15) 61 | -11/Scrapyard | Entered Materials 308 | -10/Materials | Build established: Mutant 340 | -10/Materials | Discovered new exit (range 16) 352 | -10/Materials | Core integrity fell below 50% 368 | -10/Materials | Entered another Materials area 368 | -9/Materials | Evolved 2 slots: Propulsion x1, Utility x1 855 | -9/Materials | Build established: Scavenger-Mutant 1024 | -9/Materials | Lost 4 parts (1n1u2w) 1266 | -9/Materials | Lost 3 parts (1p2n) 1283 | -9/Materials | Core integrity fell below 50% 1303 | -9/Materials | Discovered new exit (range 18) 1314 | -9/Materials | Build established: Mutant 1321 | -9/Materials | Entered another Materials area 1321 | -8/Materials | Evolved 2 slots: Power x1, Weapon x1 1376 | -8/Materials | Garrison activated, responded to threat 1414 | -8/Materials | Core integrity fell below 50% 1435 | -8/Materials | Lost 5 parts (2p3n) 1664 | -8/Materials | Core integrity fell below 20% 1702 | -8/Materials | Garrison activated, responded to threat 1729 | -8/Materials | Destroyed by Y-45 Defender with Heavy Assault Rifle Last Messages --------------- Destroyed Heat Sink. Y-45 Defender system corrupted by crushing effect. K-01 Serf collects debris. Critical hit (Burn: +37). K-01 Serf collects debris. Med. Treads destroyed. Destroyed Heat Sink. Y-45 Defender system corrupted by crushing effect. K-01 Serf collects debris. M-13 Machinist repairs Y-45 Defender. Y-45 Defender misfires. Y-45 Defender system terminally corrupted. Beam Rifle fried. Med. Treads destroyed. K-01 Serf collects debris. R-06 Scavenger collects Lgt. Armor Plating. Hvy. Ion Engine destroyed. Hvy. Hammer destroyed. Map ----- +----------------------------------------------------+ | ?????????????????????????????????????????????????? | | ?????????????????????????????????????????????????? | | ?????????????????????????????????????????????????? | | ?########????????????????????????????????????????? | | ?? #????????????????????????????????????????? | | ??? #????????????????????????????????????????? | | ???? #??????????????????? ???????????????????? | | ????# #??????????????????? ???????????????????? | | ????# #??????????????????? ???????????????????? | | ????# #??????????????????? ???????????????????? | | ##### ###+######+######### ???????????????????? | | # ???????????????????? | | # ???????????????????? | | # ???????????????????? | | ###########+######T###" #??# #???????????????????? | | ??????# #??????????# #???????????????????? | | ??????# #??????????# #???????????????????? | | ??????# #??????????# #???????????????????? | | ??????# % #??????????# #???????????????????? | | ??????# #??????????# #???????????????????? | | ??????# *#??????????# #???????????????????? | | ??????# #??????????#u#???????????????????? | | ??????# #??#########%##??????????????????? | | ??????#+#########??# Y #??????????????????? | | ??????# #??????????# = rr k #??????????????????? | | ??????# #??????????# % @Ym% #??????????????????? | | ??????# #???######## #### #??????????????????? | | ??????# #???#[ # #??# #??????????????????? | | ??????# #???# " # #??# #??????????????????? | | ??????# #???# "G" + #??# #??????????????????? | | ??????# ##### " " # #?# ??????????????????? | | ??????# + # #?# ?????????????????? | | ??????# %#### ]! # #?# ????????????????? | | ##### #??######## #?# ???????????????? | | " ##????????# #?# ####??????????????? | | +????????# #?###+###?????????????????? | | ##### ##????????# #?????????????????????????? | | ??????# #?????????# #?????????????????????????? | | ??????# #?????????+ #?????????????????????????? | | ??????# ##????????# #?????????????????????????? | | ??????# +????????# #?????????????????????????? | | ??????# ##????????# #?????????????????????????? | | ??????# #?????????+ #?????????????????????????? | | ?????## ##????????###+#?????????????????????????? | | ?????# %%#??????????????????????????????????????? | | ?????# % #??????????????????????????????????????? | | ?????# #??????????????????????????????????????? | | ?????# =#??????????????????????????????????????? | | ####### %##??????????????????????????????????????? | | ! = ## %###########?????????????????????????????? | +----------------------------------------------------+ Best States ------------- Heat Dissipation 58 Energy Generation 23 Energy Capacity 445 Matter Stores 300 Matter Capacity 300 Sight Range 18 Terrain Scan Density 10 Additional Mass Support 9 Core Shielding 20 Weapon Cycling 15 Evasion (%) 55 Melee Accuracy 12 Recoil Reduction 3 Item Schematics ----------------- None Robot Schematics ------------------ None Fabricated ------------ Nothing Repaired ---------- Nothing Studied --------- None Alien Tech Used ----------------- None Achievements -------------- None Challenges ------------ None Game ------ Seed ActuatorNeutrinoForcegen Manual? 0 Play Time 00:25:43 Cumulative 12.0 hours Start 2026.08.17 @ 14:21:46 End 2026.08.17 @ 14:45:07 Sessions 1 Manual Loads 0 Difficulty Rogue Special Mode None Game No. 40 Rogue 40 Adventurer 0 Explorer 0 Win Type - Total 0 Types 0/0/0/0/0/0/0/0/0/0 Lore% 8 Gallery% 12 Achievement% 11 Wizard Run 0 Options --------- Layout 1 ASCII 0 Keyboard 0 Movement Mouse Keybinds 0 Fullscreen 1 Font 24/Smallcaps Map View 50x35 Zoom Use 0% Tactical HUD 0 Map Filters NONE Filters NONE Steam 1 RUN: 1aa8aa84-1921-4efc-8630-6876a3dedef1